| TOP OF THE 1ST |
|
Lansing Lugnuts batting - Pitching for Quad Cities River Bandits : RHP Manny Bonilla
|
|
Pitching: RHP Manny Bonilla
|
|
|
Batting: RHB Kennet Strijbis
|
0-0: Ball 1-0: Swinging Strike 1-1: Called Strike 1-2: Strikes out looking
|
|
Batting: LHB Danny Bailey
|
0-0: Ball 1-0: Called Strike 1-1: Ball 2-1: Ball 3-1: Called Strike 3-2: Strikes out swinging
|
|
Batting: RHB James Boynton
|
0-0: Ball 1-0: Ball 2-0: Ball 3-0: Base on Balls
|
|
Batting: LHB Marc Carter
|
0-0: Foul Ball, location: 2F 0-1: DOUBLE (Flyball, 8LXD, EV 106.9 MPH) James Boynton to third
|
|
Batting: RHB Butch Koglin
|
0-0: Ball 1-0: Ball 2-0: Ball 3-0: Base on Balls
|
|
Batting: RHB Carlos Renteria
|
0-0: Called Strike 0-1: Foul Ball, location: 2F 0-2: Ball 1-2: Strikes out looking
|
| Top of the 1st over - 0 runs, 1 hit, 0 errors, 3 left on base; Lansing 0 - Quad Cities 0 |
| BOTTOM OF THE 1ST |
|
Quad Cities River Bandits batting - Pitching for Lansing Lugnuts : RHP William Cordero
|
|
Pitching: RHP William Cordero
|
|
|
Batting: LHB Glenn Lowther
|
0-0: Swinging Strike 0-1: Ball 1-1: Ball 2-1: Swinging Strike 2-2: Foul Ball, location: 2F 2-2: Strikes out swinging
|
|
Batting: RHB Sean Mounts
|
0-0: Foul Ball, location: 2F 0-1: Ball 1-1: Foul Ball, location: 2F 1-2: Ball 2-2: Ball 3-2: Ground out 6-3 (Groundball, 6, EV 85.0 MPH)
|
|
Batting: RHB Xavier Castaneda
|
0-0: Ball 1-0: Swinging Strike 1-1: Foul Ball, location: 2F 1-2: Ball 2-2: SINGLE (Line Drive, 6D, EV 104.4 MPH)
|
|
Batting: LHB Tomas de Zeeuw
|
0-0: Ball Xavier Castaneda steals 2nd base 1-0: Foul Ball, location: 2F 1-1: Ground out 5-3 (Groundball, 56S, EV 69.4 MPH)
|
| Bottom of the 1st over - 0 runs, 1 hit, 0 errors, 1 left on base; Lansing 0 - Quad Cities 0 |
| TOP OF THE 2ND |
|
Lansing Lugnuts batting - Pitching for Quad Cities River Bandits : RHP Manny Bonilla
|
|
Batting: RHB Javier Garcia
|
0-0: Ball 1-0: Called Strike 1-1: Called Strike 1-2: Foul Ball, location: 2F 1-2: Foul Ball, location: 2F 1-2: Foul Ball, location: 2F 1-2: Strikes out swinging
|
|
Batting: LHB Roger Escareno
|
0-0: Called Strike 0-1: Called Strike 0-2: Strikes out looking
|
|
Batting: RHB Ricky Carbajal
|
0-0: Called Strike 0-1: Ground out 4-3 (Groundball, 34, EV 84.4 MPH)
|
| Top of the 2nd over - 0 runs, 0 hits, 0 errors, 0 left on base; Lansing 0 - Quad Cities 0 |
| BOTTOM OF THE 2ND |
|
Quad Cities River Bandits batting - Pitching for Lansing Lugnuts : RHP William Cordero
|
|
Batting: RHB Yoshitoshi Mori
|
0-0: Ball 1-0: Called Strike 1-1: Foul Ball, location: 2F 1-2: Ball 2-2: DOUBLE (Flyball, 8RXD, EV 106.2 MPH)
|
|
Batting: LHB Jackson Trottier
|
0-0: Called Strike 0-1: Ground out 5-3 (Groundball, 5S, EV 93.8 MPH)
|
|
Batting: RHB Jason Monico
|
0-0: Ball 1-0: Ball 2-0: Ball 3-0: Called Strike 3-1: Ground out 4-3 (Groundball, 4, EV 100.6 MPH) Yoshitoshi Mori to third
|
|
Batting: SHB Benoît Morin
|
0-0: Called Strike 0-1: Swinging Strike 0-2: Strikes out swinging
|
| Bottom of the 2nd over - 0 runs, 1 hit, 0 errors, 1 left on base; Lansing 0 - Quad Cities 0 |
| TOP OF THE 3RD |
|
Lansing Lugnuts batting - Pitching for Quad Cities River Bandits : RHP Manny Bonilla
|
|
Batting: RHB Kennet Strijbis
|
0-0: Called Strike 0-1: Ground out 1-3 (Groundball, 13S, EV 63.1 MPH)
|
|
Batting: LHB Danny Bailey
|
0-0: Ball 1-0: Ball 2-0: Ball 3-0: Base on Balls
|
|
Batting: RHB James Boynton
|
0-0: Ball Danny Bailey is caught stealing 2nd base 2-4 1-0: Ball 2-0: Ball 3-0: Called Strike 3-1: Called Strike 3-2: Strikes out looking
|
| Top of the 3rd over - 0 runs, 0 hits, 0 errors, 0 left on base; Lansing 0 - Quad Cities 0 |
| BOTTOM OF THE 3RD |
|
Quad Cities River Bandits batting - Pitching for Lansing Lugnuts : RHP William Cordero
|
|
Batting: RHB Oren Jones
|
0-0: Ball 1-0: Ball 2-0: Called Strike 2-1: Called Strike 2-2: Strikes out swinging
|
|
Batting: LHB Glenn Lowther
|
0-0: SINGLE (Line Drive, 6MD, EV 98.1 MPH)
|
|
Batting: RHB Sean Mounts
|
0-0: Ball Glenn Lowther steals 2nd base 1-0: Foul Ball, location: 2F 1-1: Fly out, F8 (Flyball, 89D, EV 91.9 MPH) Runner from 2nd tags up, SAFE at 3rd, no throw by CF
|
|
Batting: RHB Xavier Castaneda
|
0-0: Ball 1-0: Ball 2-0: Foul Ball, location: 2F 2-1: Ground out 5-3 (Groundball, 56, EV 86.9 MPH)
|
| Bottom of the 3rd over - 0 runs, 1 hit, 0 errors, 1 left on base; Lansing 0 - Quad Cities 0 |
| TOP OF THE 4TH |
|
Lansing Lugnuts batting - Pitching for Quad Cities River Bandits : RHP Manny Bonilla
|
|
Batting: LHB Marc Carter
|
0-0: Ball 1-0: Ball 2-0: Called Strike 2-1: Ball 3-1: Foul Ball, location: 2F 3-2: Ground out 1-3 (Groundball, 15S, EV 72.5 MPH)
|
|
Batting: RHB Butch Koglin
|
0-0: SOLO HOME RUN (Line Drive, 9LD, EV 96.9 MPH), Distance : 346 ft
|
|
Batting: RHB Carlos Renteria
|
0-0: Ball 1-0: Fly out, F8 (Flyball, 8RXD, EV 88.8 MPH)
|
|
Batting: RHB Javier Garcia
|
0-0: Foul Ball, location: 2F 0-1: Called Strike 0-2: Ball 1-2: Ground out 5-3 (Groundball, 56S, EV 88.8 MPH)
|
| Top of the 4th over - 1 run, 1 hit, 0 errors, 0 left on base; Lansing 1 - Quad Cities 0 |
| BOTTOM OF THE 4TH |
|
Quad Cities River Bandits batting - Pitching for Lansing Lugnuts : RHP William Cordero
|
|
Batting: LHB Tomas de Zeeuw
|
0-0: Foul Ball, location: 2F 0-1: Fly out, F9 (Line Drive, 9S, EV 95.6 MPH)
|
|
Batting: RHB Yoshitoshi Mori
|
0-0: Called Strike 0-1: Swinging Strike 0-2: Strikes out swinging
|
|
Batting: LHB Jackson Trottier
|
0-0: Ground out 4-3 (Groundball, 4S, EV 90.0 MPH)
|
| Bottom of the 4th over - 0 runs, 0 hits, 0 errors, 0 left on base; Lansing 1 - Quad Cities 0 |
| TOP OF THE 5TH |
|
Lansing Lugnuts batting - Pitching for Quad Cities River Bandits : RHP Manny Bonilla
|
|
Batting: LHB Roger Escareno
|
0-0: Ball 1-0: Ball 2-0: Ball 3-0: Base on Balls
|
|
Batting: RHB Ricky Carbajal
|
0-0: Called Strike 0-1: Ball Roger Escareno steals 2nd base 1-1: Fly out, F9 (Flyball, 9D, EV 84.4 MPH) Runner from 2nd tags up, SAFE at 3rd, no throw by RF
|
|
Batting: RHB Kennet Strijbis
|
0-0: Ball 1-0: Ball 2-0: Ball 3-0: Base on Balls
|
|
Batting: LHB Danny Bailey
|
0-0: Called Strike 0-1: Fielders Choice at 2nd, 6-4 (Groundball, 6, EV 89.4 MPH) Roger Escareno scores
|
|
Batting: RHB James Boynton
|
0-0: Ball 1-0: Called Strike Danny Bailey steals 2nd base 1-1: Called Strike 1-2: Ball 2-2: Ball 3-2: Ground out 1-3 (Groundball, 25, EV 66.2 MPH)
|
| Top of the 5th over - 1 run, 0 hits, 0 errors, 1 left on base; Lansing 2 - Quad Cities 0 |
| BOTTOM OF THE 5TH |
|
Quad Cities River Bandits batting - Pitching for Lansing Lugnuts : RHP William Cordero
|
|
Batting: RHB Jason Monico
|
0-0: Ball 1-0: Called Strike 1-1: Swinging Strike 1-2: Strikes out looking
|
|
Batting: SHB Benoît Morin
|
0-0: Ground out 6-3 (Groundball, 6MS, EV 85.6 MPH)
|
|
Batting: RHB Oren Jones
|
0-0: Foul Ball, location: 2F 0-1: Called Strike 0-2: Ball 1-2: Ball 2-2: Ground out 6-3 (Groundball, 6, EV 84.4 MPH)
|
| Bottom of the 5th over - 0 runs, 0 hits, 0 errors, 0 left on base; Lansing 2 - Quad Cities 0 |
| TOP OF THE 6TH |
|
Lansing Lugnuts batting - Pitching for Quad Cities River Bandits : RHP Manny Bonilla
|
|
Batting: LHB Marc Carter
|
0-0: Ball 1-0: Called Strike 1-1: Called Strike 1-2: Strikes out looking
|
|
Batting: RHB Butch Koglin
|
0-0: Ball 1-0: Fly out, F7 (Flyball, 7, EV 90.0 MPH)
|
|
Batting: RHB Carlos Renteria
|
0-0: Called Strike 0-1: Ball 1-1: Ball 2-1: Swinging Strike 2-2: Strikes out swinging, 2-3 out at first.
|
| Top of the 6th over - 0 runs, 0 hits, 0 errors, 0 left on base; Lansing 2 - Quad Cities 0 |
| BOTTOM OF THE 6TH |
|
Quad Cities River Bandits batting - Pitching for Lansing Lugnuts : RHP William Cordero
|
|
Batting: LHB Glenn Lowther
|
0-0: Ball 1-0: SINGLE (Line Drive, 6MD, EV 103.8 MPH)
|
|
Batting: RHB Sean Mounts
|
0-0: Swinging Strike 0-1: Swinging Strike 0-2: Ball 1-2: Foul Ball, location: 2F 1-2: Ball 2-2: Ball 3-2: Foul Ball, location: 2F 3-2: Foul Ball, location: 2F 3-2: Foul Ball, location: 2F 3-2: Fielders Choice at 2nd, 5-4 (Groundball, 5, EV 101.9 MPH)
|
|
Batting: RHB Xavier Castaneda
|
0-0: Foul Ball, location: 2F 0-1: Ball 1-1: Ball 2-1: Fly out, F6 (Line Drive, 6MD, EV 66.2 MPH)
|
|
Batting: LHB Tomas de Zeeuw
|
0-0: Called Strike 0-1: Ball 1-1: Ball 2-1: Fielders Choice at 2nd, 4-6 (Groundball, 4MD, EV 86.2 MPH)
|
| Bottom of the 6th over - 0 runs, 1 hit, 0 errors, 1 left on base; Lansing 2 - Quad Cities 0 |
| TOP OF THE 7TH |
|
Lansing Lugnuts batting - Pitching for Quad Cities River Bandits : RHP Manny Bonilla
|
|
Pitching: RHP Chance Robinson
|
|
|
Batting: RHB Javier Garcia
|
0-0: Called Strike 0-1: Ball 1-1: Ball 2-1: Ground out 5-3 (Groundball, 15, EV 78.8 MPH)
|
|
Batting: LHB Roger Escareno
|
0-0: Ball 1-0: Ball 2-0: Ground out 4-3 (Groundball, 4S, EV 76.9 MPH)
|
|
Batting: RHB Ricky Carbajal
|
0-0: Called Strike 0-1: Fly out, F8 (Flyball, 78D, EV 81.2 MPH)
|
| Top of the 7th over - 0 runs, 0 hits, 0 errors, 0 left on base; Lansing 2 - Quad Cities 0 |
| BOTTOM OF THE 7TH |
|
Quad Cities River Bandits batting - Pitching for Lansing Lugnuts : RHP William Cordero
|
|
Batting: RHB Yoshitoshi Mori
|
0-0: Ground out 6-3 (Groundball, 56, EV 87.5 MPH)
|
|
Batting: LHB Jackson Trottier
|
0-0: Ball 1-0: Ball 2-0: Ball 3-0: Base on Balls
|
|
Batting: RHB Jason Monico
|
0-0: Swinging Strike 0-1: Called Strike 0-2: Ball 1-2: Ground out 5-3 (Groundball, 56S, EV 68.8 MPH) Jackson Trottier to second
|
|
Pinch Hitting: RHB Andrew Pride
|
0-0: Ball 1-0: Ball 2-0: Called Strike 2-1: Ball 3-1: Base on Balls
|
|
Pinch Hitting: LHB Aldo Kok
|
0-0: Swinging Strike 0-1: DOUBLE (Groundball, 3L, EV 94.4 MPH) Jackson Trottier scores Andrew Pride to third
|
|
Batting: LHB Glenn Lowther
|
0-0: Called Strike 0-1: SINGLE (Line Drive, 3D, EV 97.5 MPH) Andrew Pride scores Aldo Kok to third
|
|
Batting: RHB Sean Mounts
|
0-0: Swinging Strike 0-1: Ball 1-1: Ball 2-1: Ground out 4-3 (Groundball, 4, EV 86.2 MPH)
|
| Bottom of the 7th over - 2 runs, 2 hits, 0 errors, 2 left on base; Lansing 2 - Quad Cities 2 |
| TOP OF THE 8TH |
|
Lansing Lugnuts batting - Pitching for Quad Cities River Bandits : RHP Chance Robinson
|
|
Pitching: RHP Kevin Zika
|
|
|
Now at 2B: Drew Coleman
|
|
|
Now at SS: Xavier Castaneda
|
|
|
Now in LF: Andrew Pride
|
|
|
Now in CF: Glenn Lowther
|
|
|
Pinch Hitting: LHB Timo Gomez
|
0-0: Called Strike 0-1: Ball 1-1: Called Strike 1-2: Strikes out looking
|
|
Batting: LHB Danny Bailey
|
0-0: Called Strike 0-1: Ball 1-1: Ball 2-1: SOLO HOME RUN (Flyball, 9D, EV 98.1 MPH), Distance : 386 ft
|
|
Batting: RHB James Boynton
|
0-0: Called Strike 0-1: Swinging Strike 0-2: Foul Ball, location: 2F 0-2: Ball 1-2: Ball 2-2: SINGLE (Groundball, 34D, EV 104.4 MPH)
|
|
Batting: LHB Marc Carter
|
0-0: Ball 1-0: Called Strike James Boynton is caught stealing 2nd base 2-6 1-1: Foul Ball, location: 2F 1-2: Foul Ball, location: 2F 1-2: Ball 2-2: Ball 3-2: SINGLE (Line Drive, 3L, EV 94.4 MPH)
|
|
Batting: RHB Butch Koglin
|
0-0: Ball 1-0: Called Strike 1-1: Ball 2-1: Foul Ball, location: 2F 2-2: Ball Passed Ball! Marc Carter to second 3-2: Foul Ball, location: 2F 3-2: Strikes out swinging
|
| Top of the 8th over - 1 run, 3 hits, 0 errors, 1 left on base; Lansing 3 - Quad Cities 2 |
| BOTTOM OF THE 8TH |
|
Quad Cities River Bandits batting - Pitching for Lansing Lugnuts : RHP William Cordero
|
|
Pitching: RHP Scott Lowry
|
|
|
Now at 2B: Elliot Manfredini
|
|
|
Now in LF: Timo Gomez
|
|
|
Batting: RHB Xavier Castaneda
|
0-0: Called Strike 0-1: SINGLE (Line Drive, 56D, EV 95.0 MPH)
|
|
Batting: LHB Tomas de Zeeuw
|
0-0: Called Strike 0-1: Foul Ball, location: 2F 0-2: Fly out, F7 (Flyball, 7S, EV 76.2 MPH)
|
|
Batting: RHB Yoshitoshi Mori
|
0-0: Ball 1-0: Foul Ball, location: 2F 1-1: Called Strike 1-2: Strikes out swinging
|
|
Batting: LHB Jackson Trottier
|
0-0: SINGLE (Groundball, 4MS, EV 69.4 MPH) (infield hit) Xavier Castaneda to second
|
|
Batting: RHB Jason Monico
|
0-0: Called Strike 0-1: Swinging Strike 0-2: Hit by Pitch Xavier Castaneda to third Jackson Trottier to second
|
|
Batting: RHB Andrew Pride
|
0-0: SINGLE (Groundball, 6MD, EV 101.2 MPH) Xavier Castaneda scores Jackson Trottier to third Jason Monico to second Runner from 3rd tries for Home, SAFE, throw by CF to home Jason Monico to third Andrew Pride to second
|
|
Batting: RHB Drew Coleman
|
0-0: Foul Ball, location: 2F 0-1: Ball 1-1: Foul Ball, location: 2F 1-2: Ball 2-2: Ground out 5-3 (Groundball, 56, EV 106.2 MPH)
|
| Bottom of the 8th over - 2 runs, 3 hits, 0 errors, 2 left on base; Lansing 3 - Quad Cities 4 |
| TOP OF THE 9TH |
|
Lansing Lugnuts batting - Pitching for Quad Cities River Bandits : RHP Kevin Zika
|
|
Batting: RHB Carlos Renteria
|
0-0: Ball 1-0: Swinging Strike 1-1: Foul Ball, location: 2F 1-2: Strikes out swinging
|
|
Batting: RHB Javier Garcia
|
0-0: Ball 1-0: Ball 2-0: Foul Ball, location: 2F 2-1: Ground out 5-3 (Groundball, 5, EV 81.9 MPH)
|
|
Batting: LHB Roger Escareno
|
0-0: SINGLE (Groundball, 6M, EV 97.5 MPH) (infield hit)
|
|
Batting: RHB Ricky Carbajal
|
0-0: Called Strike 0-1: Foul Ball, location: 2F 0-2: Ball 1-2: 2-RUN HOME RUN (Flyball, 7D, EV 109.4 MPH), Distance : 418 ft
|
|
Pitching: RHP Jose Herrera
|
|
|
Batting: LHB Timo Gomez
|
0-0: Called Strike 0-1: Ground out 3-1 (Groundball, 34, EV 85.6 MPH)
|
| Top of the 9th over - 2 runs, 2 hits, 0 errors, 0 left on base; Lansing 5 - Quad Cities 4 |
| BOTTOM OF THE 9TH |
|
Quad Cities River Bandits batting - Pitching for Lansing Lugnuts : RHP Scott Lowry
|
|
Pitching: RHP Andres de Leon
|
|
|
Batting: LHB Glenn Lowther
|
0-0: Ball 1-0: Foul Ball, location: 2F 1-1: Called Strike 1-2: Strikes out looking
|
|
Batting: RHB Sean Mounts
|
0-0: Ball 1-0: SINGLE (Groundball, 56D, EV 106.2 MPH)
|
|
Batting: RHB Xavier Castaneda
|
0-0: Called Strike 0-1: Ball 1-1: Ball 2-1: Foul Ball, location: 2F 2-2: Ball 3-2: Base on Balls Sean Mounts to second
|
|
Batting: LHB Tomas de Zeeuw
|
0-0: Called Strike 0-1: Called Strike 0-2: SINGLE (Groundball, 56D, EV 105.6 MPH) Sean Mounts to third Xavier Castaneda to second Runner from 3rd tries for Home, throw by LF and OUT! 7-2
|
|
Batting: RHB Yoshitoshi Mori
|
0-0: Fly out, F6 (Popup, 6M, EV 70.0 MPH)
|
| Bottom of the 9th over - 0 runs, 2 hits, 0 errors, 2 left on base; Lansing 5 - Quad Cities 4 |
|